 Dungeon Crawl Stone Soup version 0.30-b1-2-g02819fbbbe (webtiles) character file.

Game seed: 11246379418811690854

791 MisterFreud the Nimble (level 7, 0/34 HPs)
             Began as a Felid Berserker on Aug 1, 2023.
             Was a Priest of Trog.
             Succumbed to a killer bee's poison
             ... on level 5 of the Dungeon.
             The game lasted 00:06:01 (4344 turns).

MisterFreud the Nimble (Felid Berserker)            Turns: 4344, Time: 00:06:01

Health: 0/34       AC:  2    Str: 13    XL:     7   Next: 57%
Magic:  8/8        EV: 19    Int:  9    God:    Trog [***...]
Gold:   211        SH:  0    Dex: 17    Spells: 6/6 levels left
                                        Lives:  0   Deaths: 2

rFire   . .          .
                       - Unarmed
rCold   . . .        (shield unavailable)
rNeg    . . .        (body armour unavailable)
rPois   .            (helmet unavailable)
rElec   .            (cloak unavailable)
rCorr   +            (gloves unavailable)
SInv    +            (boots unavailable)
Will    +....        (no amulet)
Stlth   ++           c - ring of resist corrosion
HPRegen 0.25/turn    (no ring)
MPRegen 0.11/turn

%: no passive effects
@: lethally poisoned (0 -> -1), grasped by roots, on berserk cooldown, slowed,
constricted, slow
A: very small, claws 1, fangs 3, see invisible, speed 1, shaggy fur 2, stealthy
paws, no weapons or thrown items, no armour, multi-lived
a: Renounce Religion, Berserk, Trog's Hand


You were on level 5 of the Dungeon.
You worshipped Trog.
Trog was most pleased with you.
You visited 1 branch of the dungeon, and saw 5 of its levels.

You collected 211 gold pieces.

Inventory:

Jewellery
 c - a ring of resist corrosion (left paw)
 i - the ring of Peace {rF- Will+ rCorr Str+3}
   (You found it on level 4 of the Dungeon)

   [ring of resist corrosion]

   Str:       It affects your strength (+3).
   rF:        It makes you vulnerable to fire.
   rCorr:     It protects you from acid and corrosion.
   Will:      It increases your willpower.
Wands
 h - a wand of charming (4)
 k - a wand of flame (19)
Scrolls
 e - 2 scrolls of teleportation
 f - a scroll of blinking
Potions
 a - a potion of resistance
 b - 2 potions of lignification
 g - a potion of haste {unknown}
 j - a potion of berserk rage {unknown}


   Skills:
 - Level 6.2 Fighting
 * Level 8.7 Dodging
 + Level 1.7 Stealth
 * Level 6.5 Unarmed Combat


You had 6 spell levels left.
You didn't know any spells.
Your spell library was empty.

Dungeon Overview and Level Annotations

Branches:
Dungeon (5/15)
 Temple: D:4-7

Altars:
Yredelemnul
The Shining One

Annotations:
D:5 Ijyb


Innate Abilities, Weirdness & Mutations

You have sharp claws.
You have razor-sharp teeth.
You have supernaturally acute eyesight. (SInv)
You cover ground quickly. (Speed+)
You are covered in thick fur. (AC +2)
Your paws help you pounce on unaware monsters.
You are incapable of wielding weapons or throwing items.
You cannot wear armour.
You gain extra lives every three experience levels.


Message History

You claw the killer bee!
The killer bee is almost dead.
You feel sick. The killer bee closely misses you.
The orc priest miscasts a cantrip.
Ijyb zaps a wand.
The roots erupt in riotous growth!
The grasping roots grab you!
The killer bee is unaffected.
The orc priest is unaffected.
The grasping roots constrict you.
You scratch the killer bee.
You kill the killer bee!
Trog accepts your kill.
You feel sick.
You scratch the orc priest.
The orc priest is moderately wounded.
The orc priest barely misses you. The grasping roots constrict you.
* * * LOW HITPOINT WARNING * * *
A scorpion comes into view.
You claw the orc priest!
You kill the orc priest!
Trog accepts your kill.
You feel sick. Ijyb misses you. The grasping roots constrict you.
* * * LOW HITPOINT WARNING * * *
Unknown command.
You claw Ijyb! You bite Ijyb, but do no damage.
Ijyb is moderately wounded.
You closely miss Ijyb.
Ijyb is moderately wounded.
You feel sick. Ijyb closely misses you. The grasping roots constrict you.
* * * LOW HITPOINT WARNING * * *
The orc closely misses you.
An orc comes into view. It is wielding a +0 short sword.
A white imp comes into view.
Unknown command.
Unknown command.
You closely miss Ijyb.
Ijyb is moderately wounded.
You are no longer berserk.
You are exhausted.
You feel yourself slow down.
You die...

.. #.# ...
###... .. #.#
#.. ###. .. .##
#.# ### #. ..
..# ####.## +#.
## .. ..#
#.....# .....##
.. #.##.....#
....... ##
#.#.....#
....###
#......# ..
#.@....#
#g)....#
#.o.....#
5o.#.....#
...#.....s.#
.....#.###.#...
.... #. .#..#
#### #. .# .#
##


You could see Ijyb, a scorpion, a white imp and 2 orcs.

Vanquished Creatures
  Menkaure (D:4)
  Duvessa (D:5)
  An orc warrior (D:5)
  A centaur (D:5)
  A phantom (D:4)
  A scorpion (D:5)
  4 killer bees (D:5)
  Dowan (D:5)
  2 hounds (D:5)
  2 orc priests
  Jessica (D:2)
  2 iguanas (D:5)
  2 orc wizards (D:4)
  3 gnolls (D:5)
  10 adders
  A white imp (D:4)
  5 worms
  5 dart slugs
  18 orcs
  10 ball pythons
  7 endoplasms
  4 giant cockroaches
  6 hobgoblins
  3 jackals (D:3)
  10 kobolds
  3 quokkas
  A bat (D:3)
  4 frilled lizards
  13 goblins
  A goblin skeleton (D:4)
  3 goblin zombies (D:4)
  A hobgoblin zombie (D:4)
  A kobold zombie (D:4)
  2 orc skeletons (D:4)
  2 orc zombies (D:4)
  4 rats
137 creatures vanquished.

Notes
Turn   | Place    | Note
-------+----------+-------------------------------------------
     0 | D:1      | MisterFreud the Felid Berserker began the quest for the
                  | Orb.
     0 | D:1      | Reached XP level 1. HP: 10/10 MP: 2/2
   124 | D:1      | Reached XP level 2. HP: 14/14 MP: 3/3
   952 | D:2      | Reached ** piety under Trog
   953 | D:2      | Reached XP level 3. HP: 17/17 MP: 4/4
   957 | D:2      | Noticed Jessica
   959 | D:2      | Killed Jessica
  1058 | D:2      | Reached skill level 5 in Dodging
  1142 | D:2      | Reached XP level 4. HP: 22/22 MP: 5/5
  1376 | D:2      | You fall into a shaft and drop 1 floor!
  2080 | D:3      | Reached XP level 5. HP: 25/25 MP: 6/6
  2256 | D:3      | Reached *** piety under Trog
  2309 | D:3      | Found a basalt altar of Yredelemnul.
  3202 | D:4      | Found a glowing golden altar of the Shining One.
  3304 | D:4      | Noticed a phantom
  3310 | D:4      | Reached skill level 6 in Dodging
  3316 | D:4      | Killed from afar by an orc wizard
  3317 | D:4      | Reached XP level 4. HP: -1/33 MP: 5/5
  3360 | D:4      | Killed a phantom
  3361 | D:4      | Reached XP level 5. HP: 25/25 MP: 6/6
  3372 | D:4      | Identified the ring of Peace {rF- Will+ rCorr Str+3}
  3387 | D:4      | Gained mutation: You are covered in thick fur. (AC +2)
                  | [Felid growth]
  3387 | D:4      | Reached XP level 6. HP: 28/30 MP: 7/7
  3400 | D:4      | Noticed Menkaure
  3421 | D:4      | Killed Menkaure
  3422 | D:4      | Reached skill level 5 in Fighting
  3422 | D:4      | Reached skill level 5 in Unarmed Combat
  3928 | D:5      | Entered Level 5 of the Dungeon
  3951 | D:5      | Reached skill level 7 in Dodging
  3990 | D:5      | Reached XP level 7. HP: 26/33 MP: 8/8
  4143 | D:5      | HP: 1/51 [poisoned by a killer bee]
  4143 | D:5      | Slain by a killer bee
  4144 | D:5      | Reached XP level 6. HP: -2/46 MP: 7/7
  4178 | D:5      | Noticed Duvessa
  4179 | D:5      | Noticed Dowan
  4194 | D:5      | Killed Duvessa
  4195 | D:5      | Reached skill level 8 in Dodging
  4196 | D:5      | Reached XP level 7. HP: 34/34 MP: 8/8
  4201 | D:5      | Killed Dowan
  4321 | D:5      | Noticed Ijyb
  4336 | D:5      | Reached skill level 1 in Stealth
  4343 | D:5      | HP: 2/51 [constriction (4)]
  4344 | D:5      | Succumbed to a killer bee's poison

Illustrated notes

Levels and vault maps discovered:
D:1:      mushboom_english_gardens, layout_loops_ring, minmay_tetromino_i2
D:2:      wander_river, layout_basic, grunt_ministairs_15,
          minmay_indecisive_spiral, uniq_jessica
D:3:      layout_basic, lemuel_doored_altar, hangedman_abyss_or_decor_stabs,
          hangedman_glass_teeth
D:4:      layout_cave_pools, nicolae_tso_besieged_by_evil,
          eino_small_chamber_without_monster, uniq_menkaure
D:5:      minmay_spotlight, layout_basic, minmay_temple_entry_wispy, uniq_ijyb,
          uniq_duvessa

Skill      XL: |  1  2  3  4  5  6  7 |
---------------+----------------------+-----
Dodging        | 5 6 8 |  8.7
Fighting       | 4 6 |  6.2
Unarmed Combat | 4 6 |  6.5
Stealth        | 1 |  1.7

Action                     |  1- 3 |  4- 6 |  7- 9 || total
---------------------------+-------+-------+-------++-------
  Melee: Unarmed           |    99 |   243 |    73 ||   415
         Bite              |     8 |    31 |    11 ||    50
         Punch             |     2 |     7 |     1 ||    10
 Invoke: Berserk           |       |     7 |     1 ||     8
         Trog's Hand       |       |     2 |     1 ||     3
    Use: Scroll            |     4 |     4 |     2 ||    10
         Potion            |       |       |     1 ||     1
   Stab: Sleeping          |     3 |     5 |       ||     8
         Distracted        |       |     1 |       ||     1
 Armour: Skin              |     4 |     5 |     4 ||    13
  Dodge: Dodged            |    64 |   188 |    91 ||   343
